Map: 逐梦之地-天梯版

Players

TIME (Oliveira)

  • Race: Terran Terran
  • Spawn Location: 11:00

Namshar - Winner!

  • Race: Zerg Zerg
  • Spawn Location: 5:00

Event: WCS Montreal 2018

VOD

Have the link to the VOD?

Description

Time

  • Played on: Sept. 7, 2018, 8:27 p.m.
  • Length: 14:18

All games in this series

Show
View Real Time Build Order
Export as new Build Order

TIME Terran 

Build Orders: Liberator Opening, Reaper Expand, Bio Tank 

Get SALT Encoding   

  12  0:00  SCV  
  13  0:12  SCV  
  14  0:18  Supply Depot  
  14  0:25  SCV  
  15  0:39  SCV  
  15  0:42  Barracks  
  16  0:44  Refinery  
  16  0:51  SCV  
  17  1:03  SCV  
  18  1:16  SCV  
  19  1:30  Reaper, Orbital Command  
  20  1:40  Command Center  
  20  1:50  Supply Depot  
  20  1:55  SCV  
  21  2:01  Marine  
  21  2:07  SCV  
  23  2:08  Factory  
  23  2:12  Refinery  
  23  2:19  SCV  
  23  2:22  Barracks Reactor  
  24  2:31  SCV  
  25  2:43  SCV  
  26  2:52  Starport  
  26  2:53  Orbital Command  
  26  2:56  SCV  
  27  3:02  Hellion x2  
  27  3:05  Barracks Tech Lab  
  31  3:08  SCV  
  32  3:18  SCV  
  33  3:20  SCV  
  33  3:24  Hellion x2  
  33  3:25  Supply Depot  
  38  3:28  Medivac  
  38  3:30  SCV  
  38  3:32  SCV  
  42  3:42  Liberator  
  42  3:43  Armory  
  42  3:45  SCV, Hellion  
  42  3:47  SCV, Hellion  
  48  3:59  SCV x2  
  53  4:06  Supply Depot  
  53  4:08  Hellion  
  53  4:09  Hellion  
  57  4:12  SCV  
  57  4:14  SCV  
  59  4:24  SCV  
  59  4:26  SCV  
  59  4:37  Command Center  
  63  4:39  Supply Depot  
  63  4:40  Hellion x4  
  63  4:43  Stimpack  
  63  4:49  Marine  
  63  4:50  SCV  
  63  4:52  SCV  
  61  5:00  Barracks x2  
  61  5:02  SCV  
  61  5:03  Factory Tech Lab  
  61  5:04  Starport Reactor  
  60  5:07  SCV, Marine  
  60  5:10  Engineering Bay x2, Bunker  
  62  5:17  SCV  
  63  5:25  Marine  
  63  5:27  SCV  
  63  5:29  SCV  
  63  5:30  Refinery, Siege Tank  
  63  5:31  Refinery  
  58  5:41  SCV  
  58  5:42  Terran Infantry Armor Level 1, Terran Infantry Weapons Level 1, Marine  
  57  5:45  SCV  
  57  5:47  Starport Reactor  
  57  5:49  Marine x2, Orbital Command  
  59  5:52  Marine  
  59  5:53  Marine  
  59  5:55  Barracks  
  63  5:59  Barracks  
  63  6:00  SCV, Marine  
  65  6:06  Siege Tank  
  65  6:07  Marine x2  
  65  6:10  Marine x2  
  72  6:18  Marine  
  72  6:19  SCV  
  72  6:20  SCV  
  72  6:22  Orbital Command  
  72  6:24  Medivac x2  
  72  6:25  Marine x2  
  78  6:29  Marine  
  78  6:31  SCV  
  81  6:34  Marine  
  81  6:36  Marine  
  81  6:37  SCV  
  81  6:39  Supply Depot  
  84  6:40  Supply Depot  
  84  6:41  Siege Tank  
  84  6:44  Combat Shields  
  87  6:48  SCV  
  87  6:49  Barracks Reactor x2  
  87  6:50  Marine x3  
  87  6:51  SCV  
  87  6:52  Marine  
  93  6:55  Supply Depot  
  93  6:56  Supply Depot  
  93  7:00  SCV, Marine  
  95  7:03  SCV  
  95  7:04  Refinery  
  95  7:05  Refinery  
  95  7:07  SCV  
  95  7:08  Marine  
  98  7:09  Marine, Supply Depot  
  98  7:10  Supply Depot  
  98  7:12  Marine  
  98  7:14  SCV, Marine  
  102  7:15  Siege Tank  
  102  7:16  Medivac  
  106  7:26  Medivac, Marine  
  106  7:29  Marine  
  99  7:30  SCV  
  99  7:33  Marine x2  
  91  7:39  Marine x4  
  91  7:40  Marine  
  91  7:41  SCV x2  
  91  7:42  Terran Infantry Weapons Level 2  
  97  7:46  Medivac, Marine  
  97  7:47  Marine  
  97  7:48  SCV  
  97  7:51  Marine x2  
  104  7:53  SCV  
  104  7:57  Siege Tank, Marine x2  
  110  7:59  SCV  
  110  8:00  SCV  
  110  8:03  Terran Infantry Armor Level 2  
  110  8:04  Marine x3  
  115  8:05  SCV  
  115  8:10  Command Center  
  115  8:11  SCV, Marine  
  115  8:12  Marine  
  119  8:14  Marine x2  
  119  8:19  Marine  
  118  8:20  Marine  
  118  8:21  Marine  
  118  8:22  Marine x2  
  118  8:23  Liberator  
  118  8:24  Liberator  
  123  8:27  Factory  
  123  8:29  SCV x2, Marine  
  123  8:31  Siege Tank, Supply Depot  
  123  8:32  Marine  
  130  8:41  Marine x4  
  136  8:42  Marine  
  136  8:46  Supply Depot  
  141  8:50  Terran Vehicle Weapons Level 1  
  141  8:53  Marine x2  
  141  8:55  Supply Depot  
  143  8:56  Supply Depot  
  143  8:57  Marine  
  143  8:59  Sensor Tower  
  144  9:03  Marine  
  144  9:05  Marine  
  144  9:09  SCV, Marine x2  
  148  9:11  Factory Tech Lab, Siege Tank  
  148  9:14  SCV  
  148  9:17  Liberator x2, Marine  
  153  9:18  Marine x3  
  156  9:25  Marine  
  156  9:30  Marine x2  
  149  9:32  Marine x2  
  149  9:34  Siege Tank  
  149  9:35  Marine x2  
  149  9:36  Marine  
  163  9:40  Marine  
  163  9:43  Marine  
  163  9:44  Siege Tank  
  168  9:48  Marine x2  
  168  9:50  Marine x2  
  168  9:51  SCV  
  170  9:53  Marine  
  170  9:56  Barracks x2  
  170  9:59  Barracks  
  171  10:01  Marine  
  171  10:02  Marine  
  171  10:06  Siege Tank, Marine  
  177  10:11  Planetary Fortress  
  177  10:12  Marine x3  
  180  10:19  Siege Tank  
  183  10:22  Marine x2  
  185  10:30  Sensor Tower, Supply Depot  
  185  10:31  Supply Depot  
  185  10:39  Terran Infantry Weapons Level 3  
  185  10:40  Terran Infantry Armor Level 3  
  184  10:46  Marauder, Barracks Tech Lab  
  184  10:47  Barracks Tech Lab  
  184  10:48  Barracks Tech Lab  
  184  10:49  Siege Tank  
  186  10:53  Siege Tank  
  186  10:56  Marine  
  154  10:57  Marine  
  154  10:59  Marine  
  154  11:00  Medivac  
  125  11:05  Marine x2  
  125  11:06  Marine  
  125  11:11  Medivac  
  123  11:12  Marine  
  123  11:14  Concussive Shells  
  124  11:19  Marine x2  
  124  11:20  Terran Vehicle Weapons Level 2  
  124  11:21  Marine x2  
  124  11:23  Marauder x3  
  130  11:25  Marine  
  130  11:26  Refinery, Marine  
  130  11:27  Refinery  
  130  11:30  Siege Tank  
  135  11:34  Marine x3  
  135  11:37  Medivac, Marine x2  
  135  11:38  Marine  
  143  11:43  Marine x2  
  143  11:44  Marauder  
  143  11:45  Marauder  
  149  11:53  Medivac, Siege Tank  
  149  11:54  Marine x4  
  152  11:55  Marauder, Marine  
  158  12:06  Marauder, Command Center  
  158  12:08  Siege Tank  
  163  12:11  Medivac  
  164  12:16  Marauder, Marine x5  
  164  12:17  Marauder x2  
  164  12:20  Marine x3  
  178  12:27  Marauder, Siege Tank  
  183  12:34  Marine x2  
  181  12:38  Marauder  
  181  12:39  Marauder x2, Marine x3  
  181  12:40  Medivac, Siege Tank  
  191  12:46  Marine  
  191  12:49  Marauder  
  177  13:00  Medivac, Siege Tank  
  182  13:10  Marine x3  
  182  13:11  Marauder x2  
  189  13:15  Marauder x2, Marine x5  
  198  13:22  Medivac  
  200  13:28  Marine x2  
  200  13:32  Marauder  
  168  13:35  Marine x3, Siege Tank  
  168  13:36  Marauder  
  168  13:37  Marauder  
  168  13:40  Marine x2  
  168  13:41  Marine  
  137  13:44  Ghost Academy  
  137  13:46  Marine  
  136  13:54  Marine x2  
  136  13:55  Marauder x2  
Show
View Real Time Build Order
Export as new Build Order

Namshar Zerg - Winner!

Build Orders: Hatch First 

Get SALT Encoding   

  12  0:00  Drone  
  13  0:12  Overlord  
  13  0:18  Drone  
  14  0:30  Drone  
  14  0:31  Drone  
  14  0:33  Drone  
  17  0:51  Hatchery  
  17  0:54  Drone  
  17  0:57  Drone  
  18  1:07  Extractor  
  17  1:12  Spawning Pool  
  17  1:15  Drone  
  17  1:18  Drone  
  18  1:27  Drone  
  19  1:38  Drone  
  20  1:48  Overlord  
  20  1:58  Queen  
  22  2:02  Queen  
  22  2:03  Zergling x4  
  26  2:11  Zergling x2  
  26  2:13  Drone  
  28  2:22  Hatchery  
  27  2:24  Drone  
  27  2:29  Drone  
  29  2:32  Drone  
  29  2:35  Metabolic Boost  
  29  2:38  Drone  
  30  2:45  Queen  
  30  2:50  Overlord  
  32  2:53  Drone  
  32  2:56  Drone  
  34  2:58  Drone  
  34  3:04  Overlord  
  35  3:08  Drone x2  
  37  3:15  Drone x2  
  37  3:18  Queen  
  41  3:23  Queen  
  41  3:26  Drone  
  44  3:30  Drone  
  44  3:31  Drone  
  46  3:37  Roach Warren  
  46  3:38  Drone  
  46  3:46  Drone  
  47  3:49  Zergling x6  
  47  3:50  Zergling x2  
  47  3:51  Zergling x2  
  47  3:52  Overlord  
  47  3:54  Drone  
  53  4:00  Zergling x2  
  53  4:01  Drone x2, Zergling x2  
  53  4:02  Drone  
  58  4:12  Overlord x2  
  58  4:13  Drone x3  
  61  4:20  Overlord  
  61  4:21  Drone  
  61  4:22  Roach  
  61  4:23  Roach  
  57  4:32  Drone x5  
  57  4:36  Roach  
  65  4:38  Drone x2  
  65  4:45  Drone x4  
  70  4:48  Drone, Roach  
  70  4:52  Roach  
  75  4:59  Extractor  
  74  5:11  Extractor  
  74  5:13  Drone x2  
  74  5:14  Drone x9  
  79  5:29  Drone x7  
  79  5:37  Roach  
  80  5:46  Drone  
  80  5:47  Drone x4, Lair  
  80  5:48  Drone  
  86  5:50  Extractor  
  85  5:57  Queen  
  85  5:58  Drone x3  
  85  6:01  Overlord x2  
  85  6:02  Extractor, Evolution Chamber x2  
  85  6:03  Extractor  
  85  6:16  Drone  
  85  6:21  Drone  
  85  6:22  Drone x14  
  100  6:30  Zerg Ground Armor Level 1  
  100  6:36  Zerg Melee Weapons Level 1  
  100  6:37  Baneling Nest  
  100  6:39  Overlord x3  
  99  6:46  Hydralisk Den  
  98  6:51  Hatchery  
  98  6:53  Glial Reconstitution  
  97  6:59  Zergling x20  
  107  7:04  Ravager x6  
  107  7:05  Zergling x6  
  116  7:10  Zergling x6  
  116  7:13  Overlord x2  
  100  7:32  Zergling x6, Roach x4  
  100  7:33  Zergling x6  
  100  7:36  Queen  
  113  7:40  Centrifical Hooks  
  113  7:41  Muscular Augments  
  113  7:44  Queen  
  112  7:45  Queen  
  112  7:48  Overlord  
  112  7:51  Hydralisk x3  
  116  7:57  Hydralisk x3  
  128  8:01  Overlord x2  
  128  8:12  Queen  
  128  8:14  Drone x4  
  128  8:15  Hydralisk x2  
  128  8:16  Hydralisk  
  133  8:21  Hydralisk x3  
  139  8:30  Zerg Ground Armor Level 2  
  139  8:31  Zerg Melee Weapons Level 2  
  139  8:33  Zergling x10  
  144  8:44  Overlord x2  
  144  8:52  Grooved Spines  
  144  8:55  Hatchery  
  143  9:00  Infestation Pit  
  143  9:01  Baneling x2  
  143  9:02  Hydralisk x3, Baneling x7  
  148  9:03  Zergling x14  
  148  9:09  Drone  
  156  9:13  Hydralisk x3, Zergling x2  
  156  9:14  Zergling x8  
  165  9:29  Hydralisk x2  
  165  9:30  Zergling x10  
  166  9:41  Hydralisk x4  
  166  9:42  Zergling x2  
  166  9:43  Overlord x2  
  175  9:46  Hive  
  174  9:59  Drone  
  175  10:00  Hatchery  
  175  10:02  Baneling x14  
  175  10:03  Baneling  
  174  10:10  Zergling x12  
  174  10:11  Zergling x8  
  174  10:12  Baneling x6  
  184  10:15  Overlord  
  184  10:16  Overlord  
  184  10:19  Drone  
  184  10:20  Drone, Spore Crawler  
  185  10:22  Spore Crawler  
  185  10:26  Zergling x16  
  192  10:33  Hydralisk  
  192  10:34  Zergling x4  
  194  10:43  Baneling x2  
  194  10:44  Baneling x4  
  191  10:51  Hydralisk  
  191  10:52  Zergling x16  
  166  10:58  Hydralisk x2, Zergling x2  
  166  10:59  Zergling x20  
  166  11:02  Hydralisk  
  160  11:08  Zerg Ground Armor Level 3  
  156  11:15  Drone x2  
  157  11:24  Zergling x10  
  157  11:25  Zergling x28  
  176  11:27  Zerg Melee Weapons Level 3  
  176  11:29  Adrenal Glands  
  176  11:36  Spore Crawler  
  176  11:37  Drone x4  
  176  11:39  Extractor  
  178  11:40  Drone x3  
  178  11:43  Baneling x5  
  178  11:44  Baneling x4  
  181  11:51  Zergling x2  
  181  11:52  Zergling x18  
  189  12:01  Queen  
  191  12:03  Baneling  
  191  12:04  Baneling x2  
  191  12:05  Viper  
  192  12:21  Hatchery  
  191  12:23  Viper x2  
  193  12:41  Zergling x2  
  193  12:42  Zergling x18  
  199  12:49  Extractor  
  198  12:56  Hydralisk  
  198  12:57  Zergling x28  
  189  13:00  Baneling x10  
  189  13:01  Baneling x14  
  189  13:03  Hydralisk  
  189  13:04  Zergling x8  
  195  13:08  Baneling x3  
  195  13:09  Baneling x4, Zergling x8  
  198  13:33  Hydralisk  
  198  13:34  Zergling x22  
  178  13:36  Viper x2  
  178  13:38  Zergling x10  
  179  13:43  Drone x3  
  179  13:47  Baneling  
  179  13:48  Baneling x4, Zergling x4  
  183  13:49  Zergling x28  
Tags
 
Add a new tag
Caveats
  • Supply blocks, unpowered buildings, or Contaminate may cause inaccurate times.
  • Supply counts are checked every 10 seconds.